 Dungeon Crawl Stone Soup version 0.20.1-1-g8b1a95d (webtiles) character file.

63 Kingsmith the Magician (level 4, 0/24 HPs)
             Began as a Kobold Conjurer on Dec 7, 2017.
             Slain by a gnoll
             ... wielding a +0 spear
              (3 damage)
             ... on level 2 of the Dungeon.
             The game lasted 00:03:05 (1310 turns).

Kingsmith the Magician (Kobold Conjurer)            Turns: 1310, Time: 00:03:06

Health: 0/24       AC:  3    Str:  5    XL:     4   Next: 31%
Magic:  1/10       EV: 15    Int: 17    God:
Gold:   30         SH:  0    Dex: 15    Spells: 8/11 levels left

rFire    . . .     SeeInvis .   m - +0 dagger (venom)
rCold    . . .     Gourm    .   (shield restricted)
rNeg     . . .     Faith    .   a - +0 robe
rPois    .         Spirit   .   (no helmet)
rElec    .         Reflect  .   (no cloak)
rCorr    .         Harm     .   h - +0 pair of gloves (curse)
MR       .....                  (no boots)
Stlth    ++........             (no amulet)
Regen    0.1/turn               (no ring)
MPRegen  0.2/turn               (no ring)

@: no status effects
A: carnivore 3
a: no special abilities


You were on level 2 of the Dungeon.
You were very full.

You visited 1 branch of the dungeon, and saw 2 of its levels.

You collected 30 gold pieces.

Inventory:

Hand Weapons
 f - a +0 dagger of freezing
 m - a +0 dagger of venom (weapon)
Armour
 a - a +0 robe (worn)
 h - a cursed +0 pair of gloves (worn)
Scrolls
 e - 2 scrolls of amnesia {unknown}
 g - 2 scrolls of identify {unknown}
 i - a scroll of recharging {unknown}
 l - a scroll of fog {unknown}
Potions
 d - a potion of lignification {unknown}
 j - a potion of heal wounds {unknown}
 k - a potion of berserk rage {unknown}
 n - 2 potions of agility {unknown}
 o - a potion of might {unknown}
 p - a potion of magic {unknown}
Books
 b - a book of Conjurations

   Spells                             Type                      Level
   a - Magic Dart                     Conjuration                  1
   b - Searing Ray                    Conjuration                  2
   c - Dazzling Spray                 Conjuration/Hexes            3
   d - Fulminant Prism                Conjuration/Hexes            4
   e - Force Lance                    Conjuration/Translocation    4
   f - Iskenderun's Mystic Blast      Conjuration                  4
Comestibles
 c - 2 meat rations


   Skills:
 - Level 2.4 Dodging
 - Level 2.6 Stealth
 + Level 4.3 Spellcasting
 - Level 4.0 Conjurations


You had 8 spell levels left.
You knew the following spells:

 Your Spells              Type           Power        Failure   Level  Hunger
a - Magic Dart            Conj           ###.         3%          1    None
b - Searing Ray           Conj           ###...       4%          2    ##.....


Dungeon Overview and Level Annotations

Branches:
Dungeon (2/15)

Altars:
Trog


Innate Abilities, Weirdness & Mutations

You are small and have problems with some larger weapons.
You are carnivorous and can eat meat at any time.


Message History

The gnoll is heavily wounded.
The gnoll barely misses you.
The searing ray hits the gnoll.
You kill the gnoll!
The gnoll hits you with a spear!
You hit the gnoll but do no damage.
The gnoll is poisoned.
The gnoll hits you with a spear!
* * * LOW HITPOINT WARNING * * *
Casting: Searing Ray
Confirm with . or Enter, or press ? or * to list all spells.
Aiming: Magic Dart
Press: ? - help, Shift-Dir - straight line, f - gnoll
Aim: a gnoll, wielding a spear (poisoned)
The magic dart hits the gnoll.
The gnoll is moderately wounded.
The gnoll barely misses you.
You hit the gnoll but do no damage.
The gnoll looks as sick as possible!
The gnoll is heavily wounded.
The gnoll hits you with a spear.
You die...

#.........................
#.........................
#............#............
#######..###.#............
##.###.#............
#..##.#............
##.##.#............
####g##.#............
#...@.#.....#........
#.....#.###.#........
#.....#.# #.#.......#
#.......# #.#.......#
#....#..# #.#.......#
#....#..# #.#.......#
#....##.# #.'.......#
#....##># ###.......#
######### #........


You could see a gnoll.

Vanquished Creatures
  3 gnolls (D:2)
  2 dart slugs
  A leopard gecko (D:2)
  A giant cockroach (D:1)
  6 goblins
  2 hobgoblins
  2 kobolds (D:1)
  2 quokkas (D:2)
  4 bats (D:1)
  A frilled lizard (D:1)
  4 rats (D:1)
28 creatures vanquished.

Notes
Turn   | Place    | Note
-------+----------+-------------------------------------------
     0 | D:1      | Kingsmith the Kobold Conjurer began the quest for the Orb.
     0 | D:1      | Reached XP level 1. HP: 10/10 MP: 3/3
   308 | D:1      | Reached XP level 2. HP: 15/15 MP: 3/5
   769 | D:1      | Learned a level 2 spell: Searing Ray
  1124 | D:2      | Found a bloodstained altar of Trog.
  1129 | D:2      | Reached XP level 3. HP: 19/19 MP: 3/7
  1266 | D:2      | Reached XP level 4. HP: 15/24 MP: 2/10
  1310 | D:2      | Slain by a gnoll

Skill      XL: |  1  2  3 |
---------------+----------+-----
Spellcasting   | 3 4 |  4.3
Dodging        | |  2.4
Stealth        | |  2.6
Conjurations   | |  4.0

Action                   |  1- 3 |  4- 6 || total
-------------------------+-------+-------++-------
Melee: Unarmed           |    10 |       ||    10
       Dagger            |    11 |     2 ||    13
 Cast: Magic Dart        |    41 |     1 ||    42
       Searing Ray       |     1 |     1 ||     2
  Eat: Chunk             |     9 |       ||     9
Armor: Robe              |     3 |       ||     3
Dodge: Dodged            |    15 |     4 ||    19
